 Dungeon Crawl Stone Soup version 0.30.0-5-g1a98f26d00 (webtiles) character file.

Game seed: 14092683924364443261

481 drewk1942 the Ducker (level 7, 0/55 (56) HPs)
             Began as a Gnoll Wanderer on May 9, 2023.
             Succumbed to a gnoll's poison
             ... on level 3 of the Dungeon.
             The game lasted 00:07:07 (3989 turns).

drewk1942 the Ducker (Gnoll Wanderer)               Turns: 3989, Time: 00:07:08

HP:   0/55 (56)     AC:  6    Str:  6 (9)  XL:     7   Next: 12%
MP:   9/12          EV: 13    Int: 13 (14) God:
Gold: 115           SH:  5    Dex: 12 (13) Spells: 12/13 levels left

rFire   . . .        i - +1 dagger (speed)
rCold   . . .        b - +0 buckler
rNeg    . . .        d - +2 leather armour
rPois   .            (no helmet)
rElec   .            (no cloak)
rCorr   .            (no gloves)
SInv    .            l - +0 pair of boots
Will    .....        (no amulet)
Stlth   ++           (no ring)
HPRegen 0.29/turn    (no ring)
MPRegen 0.13/turn

%: no passive effects
@: lethally poisoned (0 -> -14), very slightly contaminated, lightly drained
A: fangs 1, strong nose, distributed training
a: no special abilities


You were on level 3 of the Dungeon.
You visited 1 branch of the dungeon, and saw 3 of its levels.

You collected 115 gold pieces.

Inventory:

Hand Weapons
 a - a +0 dagger
 c - a +3 scythe of venom
 i - a +1 dagger of speed (weapon)
Armour
 b - a +0 buckler (worn)
 d - a +2 leather armour (worn)
 l - a +0 pair of boots (worn)
 o - a +1 hat of intelligence
Scrolls
 f - a scroll of poison
 g - 2 scrolls of teleportation
 h - 2 scrolls of identify
Potions
 e - a potion of lignification
 k - a potion of brilliance {unknown}
 m - a potion of haste {unknown}
 n - a potion of ambrosia {unknown}


   Skills:
 + Level 5.2 Fighting
 + Level 2.3 Short Blades
 + Level 2.3 Long Blades
 + Level 2.3 Axes
 + Level 2.3 Maces & Flails
 + Level 2.3 Polearms
 + Level 2.3 Staves
 + Level 2.3 Ranged Weapons
 + Level 2.3 Throwing
 + Level 2.3 Armour
 + Level 7.0 Dodging
 + Level 2.3 Stealth
 + Level 5.2 Shields
 + Level 2.3 Unarmed Combat
 + Level 3.7 Spellcasting
 + Level 1.9 Conjurations
 + Level 1.9 Hexes
 + Level 1.9 Summonings
 + Level 1.9 Necromancy
 + Level 1.9 Translocations
 + Level 1.9 Transmutations
 + Level 4.3 Fire Magic
 + Level 1.9 Ice Magic
 + Level 1.9 Air Magic
 + Level 1.9 Earth Magic
 + Level 1.9 Poison Magic
 + Level 2.6 Invocations
 + Level 2.3 Evocations


You had 12 spell levels left.
You knew the following spells:

 Your Spells              Type           Power      Damage    Failure   Level
a - Foxfire               Conj/Fire      40%        2x1d6     14%         1

Your spell library contained the following spells:

 Spells                   Type           Power      Damage    Failure   Level
 Sandblast                Erth           14%        2d6       24%         1
 Passwall                 Tmut/Erth      5%         N/A       34%         2
 Sublimation of Blood     Necr           7%         N/A       34%         2
 Wereblood                Tmut           7%         N/A       34%         2
 Ignite Poison            Fire/Tmut/Pois 9%         N/A       45%         3
 Stone Arrow              Conj/Erth      14%        3d7       56%         3
 Summon Hydra             Summ           3%         N/A       100%        7


Dungeon Overview and Level Annotations

Branches:
Dungeon (3/15)

Altars:

Annotations:
D:3 2 runed translucent doors, FrenchFrogFromFrance's ghost, weakling HOMo


Innate Abilities, Weirdness & Mutations

You have very sharp teeth.
Your uncanny sense of smell can sniff out nearby items.
Your experience applies equally to all skills.


Message History

You are very lightly contaminated with residual magic.
Nothing appears to happen.
You feel sick. The ghost-faced bat misses you.
The ghost-faced bat hits you but does no damage.
The ghost-faced bat barely misses you. The gnoll completely misses you.
Casting: Foxfire (safe; 11% risk of failure)
Confirm with . or Enter, or press ? or * to list all spells.
You conjure some foxfire!
You feel sick. The ghost-faced bat closely misses you.
The ghost-faced bat barely misses you. The ghost-faced bat closely misses you.
The gnoll hits you from afar with a +2 spear of venom.
You are more poisoned.
You feel very sick.
The foxfire hits the ghost-faced bat.
The ghost-faced bat is heavily damaged.
The foxfire hits the ghost-faced bat.
The ghost-faced bat is almost destroyed.
You block the ghost-faced bat's attack. The ghost-faced bat closely misses you.
Casting: Foxfire (safe; 11% risk of failure)
Confirm with . or Enter, or press ? or * to list all spells.
You miscast Foxfire.
Nothing appears to happen.
You feel very sick.
The ghost-faced bat hits you but does no damage. x2
You block the ghost-faced bat's attack.
The gnoll hits you from afar with a +2 spear of venom.
* * * LOW HITPOINT WARNING * * *
You are lethally poisoned!
The ghost-faced bat attacks as you move away!
The ghost-faced bat closely misses you.
* * * LOW HITPOINT WARNING * * *
You feel very sick.
The ghost-faced bat hits you but does no damage.
The ghost-faced bat misses you.
* * * LOW HITPOINT WARNING * * *
You feel very sick. You block the ghost-faced bat's attack.
The ghost-faced bat hits you but does no damage.
It was a potion of degeneration.
There was something very wrong with that liquid.
You feel weakened.
You feel dopey.
You feel clumsy.
You die...

.......# ###..#
##.....# ###
##.# ##.....#
#..#..#.#
##.....# #..b.#
#.#
##....###.Z..#
#)#
##..####..Z#
#)## #### ##.##
#..# #...##
#####.#
#.##..###gZ@#.#
#.#
###Z.g.##..#


ggg ###†.##### ..Z ####†#.# ##. ##.#.##.# ## #..†#.### #..##†# #####.# ### You
could see a ghost-faced bat, 2 gnolls and a rotten bat.

Vanquished Creatures
  Sigmund (D:3)
  A vampire bat (D:3)
  2 orc priests (D:3)
  2 gnolls (D:3)
  5 adders
  2 worms
  A dart slug (D:3)
  2 fire bats (D:3)
  5 orcs (D:3)
  A spectral bat (D:3)
  3 ball pythons
  18 bats
  3 bat skeletons (D:3)
  6 endoplasms
  3 giant cockroaches
  8 goblins
  7 hobgoblins
  4 jackals (D:2)
  3 quokkas (D:1)
  A bat simulacrum (D:3)
  4 frilled lizards
  8 kobolds
  4 rats
94 creatures vanquished.

Vanquished Creatures (others)
  246 foxfires
246 creatures vanquished.

Grand Total: 340 creatures vanquished

Notes
Turn   | Place    | Note
-------+----------+-------------------------------------------
     0 | D:1      | drewk1942 the Gnoll Wanderer began the quest for the Orb.
     0 | D:1      | drewk1942 set off with the following items: a +0 dagger, a
                  | +0 buckler, a potion of curing, a +2 leather armour; and
                  | the following spell memorised: Foxfire; and the following
                  | spells available to memorise: Ignite Poison.
     0 | D:1      | Reached XP level 1. HP: 20/20 MP: 4/4
   330 | D:1      | Reached XP level 2. HP: 26/26 MP: 3/5
   997 | D:1      | Reached XP level 3. HP: 31/31 MP: 2/7
  1355 | D:1      | Reached skill level 1 in Invocations
  1688 | D:2      | Reached skill level 1 in Short Blades
  1688 | D:2      | Reached skill level 1 in Long Blades
  1688 | D:2      | Reached skill level 1 in Axes
  1688 | D:2      | Reached skill level 1 in Maces & Flails
  1688 | D:2      | Reached skill level 1 in Polearms
  1688 | D:2      | Reached skill level 1 in Staves
  1688 | D:2      | Reached skill level 1 in Ranged Weapons
  1688 | D:2      | Reached skill level 1 in Throwing
  1688 | D:2      | Reached skill level 1 in Armour
  1688 | D:2      | Reached skill level 1 in Stealth
  1688 | D:2      | Reached skill level 1 in Unarmed Combat
  1688 | D:2      | Reached skill level 1 in Evocations
  1839 | D:2      | Reached XP level 4. HP: 20/38 MP: 0/8
  2225 | D:2      | Reached skill level 1 in Conjurations
  2225 | D:2      | Reached skill level 1 in Hexes
  2225 | D:2      | Reached skill level 1 in Summonings
  2225 | D:2      | Reached skill level 1 in Necromancy
  2225 | D:2      | Reached skill level 1 in Translocations
  2225 | D:2      | Reached skill level 1 in Transmutations
  2225 | D:2      | Reached skill level 1 in Ice Magic
  2225 | D:2      | Reached skill level 1 in Air Magic
  2225 | D:2      | Reached skill level 1 in Earth Magic
  2225 | D:2      | Reached skill level 1 in Poison Magic
  2516 | D:3      | Reached XP level 5. HP: 12/43 MP: 0/9
  2862 | D:3      | Found a faded altar of an unknown god.
  3062 | D:3      | Found a runed translucent door.
  3089 | D:3      | Noticed FrenchFrogFromFrance's ghost (weakling HOMo)
  3248 | D:3      | Noticed Sigmund
  3271 | D:3      | HP: 1/43 [Sigmund/+3 scythe of venom (7)]
  3537 | D:3      | Killed Sigmund
  3538 | D:3      | Reached skill level 5 in Fighting
  3538 | D:3      | Reached skill level 5 in Shields
  3538 | D:3      | Reached XP level 6. HP: 29/51 MP: 4/11
  3732 | D:3      | Found a runed translucent door.
  3877 | D:3      | Reached skill level 7 in Dodging
  3877 | D:3      | Reached XP level 7. HP: 56/56 MP: 12/12
  3989 | D:3      | Succumbed to a gnoll's poison

Illustrated notes

Levels and vault maps discovered:
D:1:      dpeg_cavernosity, layout_basic
D:2:      layout_loops_ring
D:3:      layout_rooms, ebering_ghost_sewer_f, shapermc_ecumenical_altar_venn,
          minmay_misc_feat_iff, goddamned_bats, uniq_sigmund

Skill      XL: |  1  2  3  4  5  6 |
---------------+-------------------+-----
Invocations    | 1 2 |  2.6
Short Blades   | 1 2 |  2.3
Long Blades    | 1 2 |  2.3
Axes           | 1 2 |  2.3
Maces & Flails | 1 2 |  2.3
Polearms       | 1 2 |  2.3
Staves         | 1 2 |  2.3
Ranged Weapons | 1 2 |  2.3
Throwing       | 1 2 |  2.3
Armour         | 1 2 |  2.3
Stealth        | 1 2 |  2.3
Unarmed Combat | 1 2 |  2.3
Evocations     | 1 2 |  2.3
Spellcasting   | 3 |  3.7
Conjurations   | 1 |  1.9
Hexes          | 1 |  1.9
Summonings     | 1 |  1.9
Necromancy     | 1 |  1.9
Translocations | 1 |  1.9
Transmutations | 1 |  1.9
Ice Magic      | 1 |  1.9
Air Magic      | 1 |  1.9
Earth Magic    | 1 |  1.9
Poison Magic   | 1 |  1.9
Fire Magic     | 4 |  4.3
Fighting       | 5 |  5.2
Shields        | 5 |  5.2
Dodging        | 7 |  7.0

Action                     |  1- 3 |  4- 6 |  7- 9 || total
---------------------------+-------+-------+-------++-------
  Melee: Dagger            |    91 |   115 |    40 ||   246
         Bite              |     6 |     8 |     5 ||    19
   Cast: Foxfire           |    53 |    95 |     9 ||   157
    Use: Potion            |       |     6 |     1 ||     7
         Scroll            |       |     3 |       ||     3
   Stab: Sleeping          |       |     2 |       ||     2
 Armour: Leather armour    |    27 |    42 |    20 ||    89
         Skin              |       |     9 |    10 ||    19
  Dodge: Dodged            |    46 |   109 |    44 ||   199
  Block: Buckler           |    31 |    32 |    23 ||    86
